Map: Kairos Junction LE

Players

Smileblind

  • Race: Protoss Protoss
  • League: Silver
  • Spawn Location: 5:00

IIIIIIIIIIII - Winner!

  • Race: Terran Terran
  • League: Silver
  • Spawn Location: 11:00

VOD

Have the link to the VOD?

Description

Time

  • Played on: Jan. 31, 2019, 9:01 p.m.
  • Length: 19:06
Show
View Real Time Build Order
Export as new Build Order

Smileblind Protoss 

Build Orders:  

Get SALT Encoding   

  12  0:01  Probe  
  13  0:14  Probe  
  14  0:20  Pylon  
  14  0:24  Probe  
  15  0:35  Probe  
  16  0:44  Probe  
  17  0:50  Gateway  
  17  0:53  Assimilator  
  17  0:56  Probe  
  18  1:00  Assimilator  
  18  1:08  Probe  
  19  1:12  Pylon  
  19  1:20  Probe  
  19  1:24  Forge  
  20  1:32  Probe  
  21  1:43  Cybernetics Core  
  21  1:44  Probe  
  22  1:47  Zealot  
  24  1:56  Probe  
  24  1:59  Warp Gate  
  25  2:03  Photon Cannon  
  25  2:10  Photon Cannon  
  25  2:21  Pylon  
  25  2:24  Stalker  
  27  2:53  Nexus  
  29  3:00  Sentry  
  29  3:15  Gateway  
  29  3:21  Gateway  
  29  3:23  Probe  
  29  3:26  Zealot  
  32  3:35  Probe  
  32  3:36  Shield Battery  
  33  3:48  Photon Cannon  
  33  3:49  Probe  
  34  4:01  Probe, Pylon  
  35  4:11  Assimilator x2  
  35  4:13  Probe  
  35  4:14  Probe  
  37  4:23  Photon Cannon  
  37  4:33  Photon Cannon, Probe  
  37  4:36  Probe  
  39  4:45  Probe x2  
  41  4:53  Probe  
  41  4:57  Probe  
  43  5:02  Probe  
  43  5:04  Protoss Ground Armor Level 1  
  43  5:05  Robotics Facility  
  44  5:09  Probe  
  45  5:15  Probe  
  46  5:21  Probe  
  46  5:27  Robotics Facility, Probe  
  48  5:31  Stargate  
  48  5:33  Stalker  
  50  5:46  Immortal  
  42  5:50  Stalker x2  
  48  6:06  Twilight Council  
  48  6:10  Sentry  
  50  6:14  Zealot x2  
  62  6:53  Void Ray  
  48  7:03  Zealot  
  48  7:06  Immortal  
  48  7:08  Zealot  
  50  7:16  Immortal, Pylon  
  54  7:35  Dark Shrine  
  54  7:47  Charge  
  54  7:56  Immortal, Sentry  
  54  8:00  Void Ray  
  54  8:04  Immortal  
  62  8:14  Pylon  
  62  8:16  Pylon  
  62  8:20  Gateway  
  62  8:28  Gateway  
  62  8:29  Gateway  
  62  8:31  Shield Battery  
  62  8:37  Pylon  
  62  8:40  Pylon  
  62  8:43  Void Ray  
  62  8:44  Immortal  
  70  8:50  Dark Templar  
  70  9:17  Dark Templar  
  72  9:27  Dark Templar x3  
  76  9:38  Immortal  
  80  10:10  Sentry x2  
  80  10:11  Sentry  
  80  10:12  Void Ray  
  90  10:17  Immortal  
  90  10:20  Protoss Ground Armor Level 2  
  94  10:30  Robotics Bay  
  94  10:33  Protoss Air Weapons Level 1  
  94  10:55  Void Ray  
  88  11:20  Extended Thermal Lance  
  88  11:24  Colossus  
  94  11:40  Pylon  
  94  11:42  Pylon  
  94  11:44  Warp Prism  
  92  11:56  Shield Battery, Zealot  
  92  11:58  Zealot  
  92  11:59  Zealot  
  92  12:00  Zealot  
  100  12:17  Colossus  
  106  12:32  Void Ray  
  110  12:50  Colossus  
  110  12:53  Pylon  
  110  12:55  Pylon  
  108  13:11  Pylon, Colossus  
  114  13:15  Void Ray  
  114  13:16  Fleet Beacon  
  114  13:19  Gateway  
  118  13:22  Zealot  
  118  13:26  Zealot  
  122  13:57  Nexus  
  122  14:02  Gateway  
  122  14:04  Colossus  
  122  14:09  Templar Archives  
  128  14:31  Gateway  
  128  14:37  Pylon  
  128  15:08  Mothership  
  124  15:29  Dark Templar x2  
  124  15:30  Dark Templar  
  84  15:52  Dark Templar x2  
  84  16:04  Colossus  
  84  16:10  Tempest  
  95  16:17  Zealot x2  
  99  16:38  Dark Templar x3  
  105  16:52  Dark Templar  
  107  17:05  Shield Battery  
  107  17:18  Warp Prism  
  48  18:23  Stalker x4  
  40  18:47  Dark Templar  
Show
View Real Time Build Order
Export as new Build Order

IIIIIIIIIIII Terran - Winner!

Build Orders:  

Get SALT Encoding   

  12  0:01  SCV  
  13  0:13  SCV  
  14  0:18  Supply Depot  
  14  0:25  SCV  
  15  0:37  Refinery  
  15  0:40  SCV  
  16  0:46  Barracks  
  16  0:52  SCV  
  17  1:04  SCV  
  18  1:16  SCV  
  18  1:18  Supply Depot  
  19  1:32  Barracks  
  19  1:35  Barracks  
  19  1:37  Orbital Command  
  20  1:51  Barracks Reactor  
  19  1:56  Barracks  
  19  2:02  SCV  
  20  2:09  Factory  
  20  2:16  SCV  
  21  2:25  Refinery  
  21  2:28  SCV, Barracks Tech Lab  
  21  2:29  Marine  
  23  2:35  Marine  
  24  2:42  Supply Depot  
  24  2:48  Engineering Bay, Marine  
  27  2:51  Marauder  
  27  2:57  Stimpack  
  27  3:00  SCV  
  28  3:07  Barracks Reactor  
  28  3:13  SCV  
  28  3:18  Marine x3  
  32  3:21  Factory Tech Lab  
  32  3:35  Marine  
  32  3:37  Marine x2  
  32  3:39  SCV  
  38  3:43  Siege Tank  
  39  3:57  Supply Depot  
  39  4:06  Starport  
  39  4:14  Terran Infantry Weapons Level 1  
  39  4:18  SCV, Marine x5  
  45  4:33  Command Center  
  45  4:39  Siege Tank  
  45  4:42  Marine  
  45  4:44  Marine  
  50  4:58  Combat Shield  
  50  5:14  Marine x5  
  55  5:36  Medivac, Marine x5  
  55  5:39  Supply Depot  
  59  5:54  Marine  
  60  5:58  Siege Tank  
  63  6:04  Marine x3  
  66  6:14  Starport Reactor  
  66  6:15  Marine  
  67  6:19  Marauder  
  67  6:22  Marine x2  
  71  6:31  Supply Depot  
  71  6:35  Orbital Command  
  71  6:39  SCV  
  72  6:46  Marine  
  73  6:51  SCV  
  69  7:03  SCV  
  69  7:12  Marine x5  
  74  7:20  Viking  
  76  7:29  Marine  
  76  7:30  Marine x4  
  76  7:32  SCV  
  76  7:33  Supply Depot  
  82  7:38  SCV  
  83  7:44  SCV  
  83  7:45  Terran Infantry Armor Level 1  
  83  7:50  SCV  
  82  7:54  Armory  
  82  7:56  SCV  
  81  8:00  Siege Tank  
  81  8:03  SCV  
  85  8:09  SCV  
  86  8:14  Marine  
  86  8:15  SCV, Marine x2  
  90  8:24  Refinery  
  90  8:26  Refinery  
  90  8:29  SCV x2  
  90  8:31  Marine x2  
  90  8:32  Siege Tank  
  97  8:41  SCV x2  
  99  8:43  Armory  
  99  8:47  Engineering Bay  
  99  8:53  SCV  
  100  9:02  Marine x4  
  103  9:04  Siege Tank  
  107  9:10  Sensor Tower  
  107  9:17  Missile Turret  
  104  9:33  Command Center  
  104  9:35  Missile Turret  
  104  9:36  Siege Tank  
  107  9:42  Starport  
  107  9:45  Command Center  
  101  10:07  Marine  
  101  10:08  Siege Tank, Marine x2  
  106  10:30  Starport Tech Lab  
  106  10:32  Terran Vehicle Weapons Level 1  
  106  10:35  Terran Vehicle And Ship Armor Level 1  
  106  10:39  Terran Infantry Weapons Level 2  
  106  10:40  Siege Tank  
  109  10:46  Orbital Command  
  106  11:01  Viking x2  
  109  11:06  Raven  
  111  11:49  Orbital Command  
  111  12:08  Marine x5  
  113  12:14  Supply Depot  
  113  12:15  Supply Depot x2  
  116  12:16  Supply Depot  
  116  12:17  Supply Depot  
  116  12:24  Raven  
  116  12:26  Marine x5  
  116  12:27  Viking x2  
  127  12:32  Orbital Command  
  127  12:40  Supply Depot  
  127  12:41  Supply Depot  
  127  12:43  Supply Depot, Marine  
  127  12:44  Marine x2  
  127  12:54  Terran Infantry Armor Level 2  
  127  12:57  Viking x2  
  130  12:59  Siege Tank  
  133  13:05  Factory  
  133  13:21  Sensor Tower  
  133  13:28  Marine x5  
  133  13:31  Siege Tank  
  141  13:36  Terran Infantry Weapons Level 3  
  141  13:38  Terran Vehicle Weapons Level 2  
  141  13:41  Terran Vehicle And Ship Armor Level 2  
  141  13:56  Refinery  
  141  13:58  Refinery  
  141  14:05  SCV x3  
  141  14:06  SCV  
  141  14:08  Marine x5  
  150  14:12  Viking x3  
  156  14:21  Refinery  
  156  14:26  Marine x5  
  161  14:42  Viking x2  
  161  14:43  Marine  
  132  15:57  Marine x5  
  137  16:06  Medivac  
  137  16:07  Medivac  
  137  16:11  Viking  
  143  16:14  Marine x2  
  143  16:15  Marine x3  
  143  16:18  Siege Tank  
  151  16:20  Factory Tech Lab  
  151  16:29  Refinery  
  151  16:32  Marine x2  
  151  16:33  Marine x3  
  151  16:36  Medivac  
  151  16:37  Medivac  
  160  16:41  Viking  
  160  16:46  Siege Tank  
  165  16:50  Siege Tank, Marine x4  
  165  16:51  Marine  
  173  17:06  Medivac  
  173  17:07  Viking  
  173  17:08  Marine x5  
  178  17:11  Viking  
  175  17:18  Siege Tank  
  175  17:22  Siege Tank  
  179  17:26  Marine x5  
  176  17:41  Viking  
  176  17:43  Marine  
  176  17:44  Marine x4  
  180  17:50  Siege Tank  
  186  18:02  Marine  
  177  18:11  Viking  
Tags
 
Add a new tag
Caveats
  • Supply blocks, unpowered buildings, or Contaminate may cause inaccurate times.
  • Supply counts are checked every 10 seconds.